 Dungeon Crawl Stone Soup version 0.22-a0-76-gd698a02 (webtiles) character file.

1543 shenanigans the Skirmisher (level 8, -4/59 (65) HPs)
             Began as a Barachi Monk on Jan 13, 2018.
             Was a Priest of Okawaru.
             Slain by a troll (7 damage)
             ... on level 6 of the Dungeon.
             The game lasted 00:14:19 (6814 turns).

shenanigans the Skirmisher (Barachi Monk)           Turns: 6814, Time: 00:14:20

HP:   -4/59 (65)    AC: 18    Str: 12    XL:     8   Next: 87%
MP:   9/11          EV:  8    Int: 12    God:    Okawaru [***...]
Gold: 197           SH:  0    Dex: 16    Spells: 7/7 levels left

rFire    . . .     SeeInvis .   g - +0 dagger (venom)
rCold    . . .     Gourm    .   (no shield)
rNeg     . . .     Faith    .   w - +0 plate armour
rPois    .         Spirit   .   (no helmet)
rElec    .         Reflect  .   (no cloak)
rCorr    .         Harm     .   e - +1 pair of gloves
MR       .....                  l - +0 pair of boots
Stlth    ..........             (no amulet)
HPRegen  0.19/turn              (no ring)
MPRegen  0.12/turn              (no ring)

@: heroism, slow
A: +LOS, swims, slowness 1, strong legs 1
a: Hop, Heroism, Renounce Religion


You were on level 6 of the Dungeon.
You worshipped Okawaru.
Okawaru was most pleased with you.
You were not hungry.

You visited 2 branches of the dungeon, and saw 7 of its levels.
You also visited: Ossuary.

You collected 241 gold pieces.
You spent 44 gold pieces at shops.

Inventory:

Hand Weapons
 a - a +0 falchion
 g - a +0 dagger of venom (weapon)
 q - a +3 hand axe
Armour
 b - a +0 robe
 e - a +1 pair of gloves (worn)
 h - a +0 scale mail
 l - a +0 pair of boots (worn)
 w - a +0 plate armour (worn)
Jewellery
 s - an uncursed ring of magical power
Wands
 r - a wand of clouds (3)
 z - a wand of scattershot (3)
 C - a wand of acid (7)
Scrolls
 c - a scroll of fog {unknown}
 f - 4 scrolls of remove curse {unknown}
 j - 10 scrolls of identify
 k - a scroll of fear {unknown}
 n - 4 scrolls of teleportation {unknown}
 t - 2 scrolls of amnesia {unknown}
 u - a scroll of random uselessness {unknown}
 v - 2 scrolls of noise {unknown}
 y - 4 scrolls of enchant armour {unknown}
 D - a scroll of vulnerability {unknown}
 G - a scroll of magic mapping {unknown}
 H - a scroll of enchant weapon {unknown}
 I - a scroll of immolation {unknown}
Potions
 i - a potion of berserk rage
 m - a potion of magic
 o - 3 potions of curing
 p - 2 potions of brilliance
 x - a potion of mutation
 A - a potion of agility
 B - a potion of might
 E - a potion of haste {unknown}
 F - 2 potions of degeneration {unknown}
Books
 J - a book of Air

   Spells                             Type                      Level
   a - Shock                          Conjuration/Air              1
   b - Swiftness                      Charms/Air                   2
   c - Static Discharge               Conjuration/Air              3
   d - Airstrike                      Air                          4
   e - Lightning Bolt                 Conjuration/Air              5
Comestibles
 d - 5 rations


   Skills:
 + Level 6.8(11.8) Fighting
 + Level 6.7(11.7) Long Blades
 + Level 5.5(10.5) Armour
 + Level 6.1(11.1) Dodging
 - Level 1.7(6.7) Stealth
 * Level 4.3 Invocations


You had 7 spell levels left.
You didn't know any spells.

Dungeon Overview and Level Annotations

Branches:
Dungeon (6/15)             Temple (1/1) D:4

Altars:
Ashenzari
Cheibriados
Dithmenos
Elyvilon
Fedhas
Gozag
Kikubaaqudgha
Makhleb
Nemelex Xobeh
Okawaru
Qazlal
Ru
Sif Muna
Trog
Uskayaw
Vehumet
Wu Jian
Xom
Yredelemnul
Zin
The Shining One

Shops:
D:6 !


Innate Abilities, Weirdness & Mutations

Shadows flee at your approach. (+LOS)
You can swim through water.
You cover ground slowly.
You can hop short distances.


Message History

The troll claws you but does no damage.
You hit the troll.
The troll looks as sick as possible!
The troll is moderately wounded.
Your plate armour prevents you from hitting the troll.
The troll is moderately wounded.
The troll bites you but does no damage. The troll claws you but does no damage.
The troll barely misses you.
You hit the troll but do no damage.
The troll looks as sick as possible!
The troll is moderately wounded.
The troll bites you but does no damage. The troll claws you!
* * * LOW HITPOINT WARNING * * *
The troll claws you but does no damage.
Your plate armour prevents you from hitting the troll.
The troll is moderately wounded.
You closely miss the troll.
The troll is moderately wounded.
The troll bites you!
* * * LOW HITPOINT WARNING * * *
The troll barely misses you. The troll claws you!
You die...

#.# .######### #.#
>........# #.#
#############.#########.#
#................[......#
#.##########.############
#.# #..## #.# ## ##.(#
#.# $. ##@# #.# #.##T#
#.# #...# #.# ##### #.#
#.# ### #.##########.#
#............#
##############


You could see a troll.

Vanquished Creatures
  A wraith (Ossuary)
  An ice beast (D:4)
  A necrophage (D:6)
  An ogre (D:3)
  A centaur (D:5)
  A bullfrog (D:6)
  3 scorpions (D:5)
  3 crimson imps
  A howler monkey (D:4)
  2 bullfrog zombies
  A hound (D:5)
  A bullfrog skeleton (D:5)
  3 orc priests
  5 orc wizards
  Ijyb (D:5)
  3 worker ants
  2 hound zombies
  2 mummies
  A hound skeleton (D:4)
  3 gnolls (D:3)
  4 adders
  2 shadow imps (D:5)
  An adder zombie (D:6)
  3 worms
  3 dart slugs
  A leopard gecko (D:5)
  14 orcs
  2 ball pythons
  5 bats
  5 giant cockroaches
  5 goblins
  7 hobgoblins
  2 quokkas (D:5)
  7 frilled lizards
  5 gnoll skeletons (Ossuary)
  5 kobolds
  8 kobold skeletons (Ossuary)
  2 leopard gecko skeletons
  12 orc skeletons (Ossuary)
  8 rats
138 creatures vanquished.

Notes
Turn   | Place    | Note
-------+----------+-------------------------------------------
     0 | D:1      | shenanigans the Barachi Monk began the quest for the Orb.
     0 | D:1      | Reached XP level 1. HP: 18/18 MP: 1/1
    93 | D:1      | Reached XP level 2. HP: 10/25 MP: 2/2
   363 | D:1      | Reached skill level 1 in Armour
   944 | D:2      | Reached XP level 3. HP: 30/30 MP: 3/3
  1606 | D:3      | Found an opulent altar of Gozag.
  1700 | D:3      | Reached XP level 4. HP: 30/38 MP: 4/4
  1803 | D:3      | Reached XP level 5. HP: 2/43 MP: 5/5
  2261 | D:3      | Noticed an ogre
  2337 | D:3      | Killed an ogre
  2337 | D:3      | Reached skill level 5 in Fighting
  2337 | D:3      | Reached skill level 5 in Long Blades
  2337 | D:3      | Reached XP level 6. HP: 29/51 MP: 6/6
  3168 | D:4      | Found an opulent altar of Gozag.
  3170 | D:4      | Found a staircase to the Ecumenical Temple.
  3172 | D:4      | Found a sacrificial altar of Ru.
  3172 | D:4      | Found a shadowy altar of Dithmenos.
  3173 | D:4      | Found a sparkling altar of Nemelex Xobeh.
  3173 | D:4      | Found a burning altar of Makhleb.
  3173 | D:4      | Found a shattered altar of Ashenzari.
  3184 | Temple   | Entered the Ecumenical Temple
  3413 | Temple   | Became a worshipper of Warmaster Okawaru
  3413 | Temple   | Reached * piety under Okawaru
  3413 | Temple   | Reached ** piety under Okawaru
  3790 | D:5      | Entered Level 5 of the Dungeon
  3815 | D:5      | Noticed an ice beast
  3848 | D:5      | HP: 1/51 [ice beast (13)]
  3865 | D:4      | Killed an ice beast
  3865 | D:4      | Reached skill level 5 in Dodging
  3865 | D:4      | Reached skill level 1 in Invocations
  3865 | D:4      | Reached XP level 7. HP: 13/56 MP: 5/7
  4769 | D:5      | Reached XP level 8. HP: 62/64 MP: 8/10
  4871 | D:5      | Noticed Ijyb
  4946 | D:5      | Killed Ijyb
  4947 | D:5      | Reached *** piety under Okawaru
  5562 | D:6      | Reached skill level 5 in Armour
  5959 | D:6      | Found Vupuiful's Distillery.
  5962 | D:6      | Bought a potion of might for 44 gold pieces
  5985 | D:6      | Found a sand-covered staircase.
  6117 | Ossuary  | Entered an ossuary
  6117 | Ossuary  | Noticed a wraith
  6117 | Ossuary  | Noticed a wraith
  6117 | Ossuary  | Noticed a wraith
  6239 | Ossuary  | Noticed a wraith
  6279 | Ossuary  | Killed a wraith
  6661 | D:6      | Found a radiant altar of Vehumet.
  6799 | D:6      | Noticed a troll
  6814 | D:6      | Slain by a troll

Vault maps used:
D:1:      giann_bridges, kennysheep_boxes
D:2:      serial_glass, glass_columns_a, glass_columns_a,
          kennysheep_nondescript, hangedman_glass_teeth, minmay_distorted
D:3:      nicolae_gozag_seed_capital
D:4:      grunt_temple_overflow_open, temple_fountains, first_ration
D:5:      uniq_ijyb
D:6:      lemuel_doored_altar, marbit_many_paths, serial_shops,
          nicolae_shop_statue_plus, gup_ossuary_entry_pyramid
Temple:   dpeg_chambers_temple
Ossuary:  ossuary_due_mausoleum

Skill      XL: |  1  2  3  4  5  6  7  8 |
---------------+-------------------------+-----
Armour         | 1 2 3 4 5 |  5.5
Long Blades    | 4 5 6 |  6.7
Fighting       | 4 5 6 |  6.8
Dodging        | 4 5 6 |  6.1
Invocations    | 1 2 4 |  4.3
Stealth        | |  1.7

Action                   |  1- 3 |  4- 6 |  7- 9 || total
-------------------------+-------+-------+-------++-------
Melee: Falchion          |    33 |       |   116 ||   149
       Dagger            |    79 |   190 |   398 ||   667
       Punch             |       |     1 |       ||     1
Invok: Heroism           |       |     1 |     1 ||     2
 Abil: Hop               |       |     2 |       ||     2
  Use: Potion            |       |     5 |     3 ||     8
       Scroll            |       |       |     4 ||     4
 Stab: Sleeping          |     1 |       |       ||     1
       Distracted        |     1 |       |       ||     1
  Eat: Chunk             |     3 |     5 |     4 ||    12
       Ration            |       |     1 |     2 ||     3
Armor: Robe              |    13 |       |       ||    13
       Scale mail        |    20 |    80 |    40 ||   140
       Plate armour      |       |       |   229 ||   229
Dodge: Dodged            |    62 |    89 |   144 ||   295
       Rpst.: Falchion   |     8 |       |    10 ||    18

Table legend:
 A = Spawn XP
 B = Non-spawn XP
 C = Spawn XP percentage of total XP
 D = Spawn monster count
 E = Non-spawn monster count
 F = Spawn count percentage of total count
 G = Total turns spent on level
                    A         B        C        D         E        F      G
               +---------+---------+-------+---------+---------+-------+---------
         Total |       0 |    2205 |   0.0 |       0 |     138 |   0.0 |  6814
               +---------+---------+-------+---------+---------+-------+---------
           D:1 |       0 |      31 |   0.0 |       0 |      19 |   0.0 |   803
           D:2 |       0 |      31 |   0.0 |       0 |      13 |   0.0 |   758
           D:3 |       0 |     353 |   0.0 |       0 |      26 |   0.0 |  1232
           D:4 |       0 |     244 |   0.0 |       0 |       7 |   0.0 |  1046
           D:5 |       0 |     868 |   0.0 |       0 |      35 |   0.0 |  1431
           D:6 |       0 |     415 |   0.0 |       0 |      11 |   0.0 |   829
       Ossuary |       0 |     263 |   0.0 |       0 |      27 |   0.0 |   458
               +---------+---------+-------+---------+---------+-------+---------
